 Seeded DCSS version 0.27.1-2-g3b301248ec (webtiles) character file.

Game seed: 14551798346683263451 (custom seed)

30685 babuloseo the Spear-Bearer (level 13, 0/114 HPs)
             Began as a Hill Orc Fighter on Oct 1, 2021.
             Was an Initiate of Gozag.
             Slain by a polar bear (7 damage)
             ... on level 5 of the Lair of Beasts.
             The game lasted 00:31:25 (12890 turns).

babuloseo the Spear-Bearer (Hill Orc Fighter)      Turns: 12890, Time: 00:31:26

Health: 0/114      AC: 14    Str: 28    XL:     13   Next: 53%
Magic:  0/22       EV: 17    Int: 16    God:    Gozag
Gold:   1033       SH:  0    Dex: 15    Spells: 10/12 levels left

rFire    + . .     SeeInvis .   d - +0 glaive (elec)
rCold    x . .     Faith    .   (shield currently unavailable)
rNeg     + + .     Spirit   +   w - +1 chain mail "Wuito" {rN+ Will- Regen+}
rPois    +         Reflect  .   r - -2 hat of the Alchemist {rElec rPois rF+ rC+ rN+ Will+ rMut rCorr}
rElec    +         Harm     .   F - +0 cloak of Tenacity {rC- Dex+5}
rCorr    +         Rampage  .   m - +0 pair of gloves
rMut     +                      J - +0 pair of boots
Will     .....                  B - amulet of guardian spirit
Stlth    ..........             Q - ring of magical power
HPRegen  1.29/turn              O - ring of Yklaly {rC- EV+4 Str+4 Int+6}
MPRegen  0.18/turn

@: about to teleport
A: clever 1, evolution 1
a: Renounce Religion, Potion Petition, Call Merchant, Bribe Branch


You were on level 5 of the Lair of Beasts.
You worshipped Gozag.
Gozag was most pleased with you.
You visited 2 branches of the dungeon, and saw 16 of its levels.

You collected 4861 gold pieces.
You spent 1238 gold pieces at shops.
You paid 2590 gold pieces to Gozag.

Inventory:

Hand Weapons
 a - a +0 trident
 d - a +0 glaive of electrocution (weapon)
 o - the +7 spear of Untimely Demise {antimagic, rCorr}
   (You found it on level 4 of the Dungeon)

   It reduces the magical energy of the wielder, and disrupts the spells and
   magical abilities of those it strikes.
   Natural abilities and divine invocations are not affected.
   rCorr:     It protects you from acid and corrosion.
 E - a +0 trident of venom
 H - a +1 trident of venom
 M - the +5 broad axe "Lemanas" {antimagic, rElec Int+2 SInv}
   (You bought it in a shop on level 2 of the Lair of Beasts)

   It reduces the magical energy of the wielder, and disrupts the spells and
   magical abilities of those it strikes.
   Natural abilities and divine invocations are not affected.
   Int:       It affects your intelligence (+2).
   rElec:     It insulates you from electricity.
   SInv:      It lets you see invisible.
Armour
 b - a +0 scale mail
 c - a +0 kite shield
 m - a +0 pair of gloves (worn)
 r - the -2 hat of the Alchemist (worn) {rElec rPois rF+ rC+ rN+ Will+ rMut rCorr}
   (You bought it in a shop on level 3 of the Dungeon)

   rF:        It protects you from fire.
   rC:        It protects you from cold.
   rElec:     It insulates you from electricity.
   rPois:     It protects you from poison.
   rN:        It protects you from negative energy.
   rCorr:     It protects you from acid and corrosion.
   rMut:      It protects you from mutation.
   Will:      It increases your willpower.
 u - a +0 cloak
 w - the +1 chain mail "Wuito" (worn) {rN+ Will- Regen+}
   (You bought it in a shop on level 3 of the Dungeon)

   rN:        It protects you from negative energy.
   Regen:     It increases your rate of health regeneration.
   Will:      It decreases your willpower.
 F - the +0 cloak of Tenacity (worn) {rC- Dex+5}
   (You bought it in a shop on level 3 of the Dungeon)

   Dex:       It affects your dexterity (+5).
   rC:        It makes you vulnerable to cold.
 J - a +0 pair of boots (worn)
Jewellery
 e - a ring of flight
 g - a +4 ring of protection
 k - a ring of fire
 n - a ring of fire
 B - an amulet of guardian spirit (around neck)
 N - a ring of poison resistance
 O - the ring of Yklaly (right hand) {rC- EV+4 Str+4 Int+6}
   (You found it on level 3 of the Lair of Beasts)

   [ring of evasion]

   EV:        It affects your evasion (+4).
   Str:       It affects your strength (+4).
   Int:       It affects your intelligence (+6).
   rC:        It makes you vulnerable to cold.
 Q - a ring of magical power (left hand)
Wands
 v - a wand of flame (34)
 I - a wand of charming (20)
Scrolls
 f - 4 scrolls of enchant armour {unknown}
 s - 3 scrolls of magic mapping
 x - 3 scrolls of noise
 C - 3 scrolls of holy word
 L - a scroll of vulnerability {unknown}
Potions
 h - 4 potions of brilliance
 i - a potion of invisibility {unknown}
 j - 2 potions of degeneration
 l - 4 potions of attraction
 p - 2 potions of mutation
 t - 2 potions of curing
 A - a potion of magic {unknown}
 G - 2 potions of lignification


   Skills:
 + Level 10.7 Fighting
 * Level 13.0 Polearms
 + Level 9.9 Armour
 * Level 9.3 Dodging
 + Level 10.0 Shields
 + Level 6.1 Evocations


You had 10 spell levels left.
You knew the following spells:

 Your Spells              Type           Power      Damage    Failure   Level
a - Blink                 Tloc           N/A        N/A       85%         2

Your spell library contained the following spells:

 Spells                   Type           Power      Damage    Failure   Level
 Magic Dart               Conj           0%         1d3       71%         1
 Summon Small Mammal      Summ           0%         N/A       71%         1
 Call Imp                 Summ           0%         N/A       85%         2
 Searing Ray              Conj           0%         3d3       85%         2
 Call Canine Familiar     Summ           0%         N/A       97%         3
 Dazzling Flash           Conj/Hex       0%         N/A       97%         3
 Lesser Beckoning         Tloc           0%         N/A       97%         3
 Mephitic Cloud           Conj/Pois/Air  0%         N/A       97%         3
 Summon Guardian Golem    Hex/Summ       0%         N/A       97%         3
 Fulminant Prism          Conj/Hex       0%         3d6       100%        4
 Agony                    Necr           0%         N/A       100%        5
 Manifold Assault         Tloc           0%         N/A       100%        5
 Silence                  Hex/Air        0%         N/A       100%        5


Dungeon Overview and Level Annotations

Branches:
Dungeon (10/15)            Temple (0/1) D:5            Lair (6/6) D:9
  Swamp: Lair:2-4    Shoals: Lair:2-4     Snake: Lair:2-4    Spider: Lair:2-4
  Slime: Lair:5-6       Orc: D:9-12

Altars:
Ashenzari
Dithmenos
Elyvilon
Gozag
Makhleb
Qazlal
Ru
Sif Muna
Uskayaw
Wu Jian
Xom
Zin

Shops:
D:3 [   D:5 (   D:7 *   Lair:2 (

Annotations:
Lair:4 3 runed translucent doors, HunfridMar's ghost, journeyman DECj


Innate Abilities, Weirdness & Mutations

Your mind is acute. (Int +2)
You evolve.


Message History

You feel sick. The wolf bites you but does no damage.
The black mamba bites you! The blink frog hits you.
The blink frog hits you but does no damage.
The blink frog hits you! x2; The cane toad closely misses you.
The black mamba completely misses you. The yak closely misses you.
You closely miss the black mamba.
The black mamba is moderately wounded.
You feel sick. The black mamba misses you. The blink frog barely misses you.
The blink frog misses you. The blink frog hits you!
The blink frog closely misses you.
The blink frog blinks!
The cane toad stings you but does no damage.
The yak gores you but does no damage. The wolf bites you but does no damage.
The blink frog hits you!
* * * LOW HITPOINT WARNING * * *
The black mamba completely misses you. The blink frog barely misses you.
The blink frog blinks! x2
Unknown command.
As you read the scroll of teleportation, it crumbles to dust.
You feel strangely unstable.
You feel sick.
The black mamba bites you but does no damage.
The wolf closely misses you. The cane toad stings you!
* * * LOW HITPOINT WARNING * * *
The blink frog hits you but does no damage.
The blink frog hits you.
* * * LOW HITPOINT WARNING * * *
The yak gores you but does no damage. The wolf misses you.
The wolf closely misses you. The black mamba completely misses you.
The polar bear misses you. The polar bear closely misses you.
The polar bear misses you.
You feel better. The cane toad closely misses you.
The blink frog closely misses you. The blink frog completely misses you.
The black mamba misses you. The wolf barely misses you. The wolf bites you!
* * * LOW HITPOINT WARNING * * *
The yak misses you. The blink frog misses you. The cane toad stings you.
* * * LOW HITPOINT WARNING * * *
The blink frog hits you!
* * * LOW HITPOINT WARNING * * *
The blink frog blinks!
The polar bear bites you!
You die...
Your body crumbles into a pile of gold.

#..Y.. #.....
#..... #...##
####....####
#...#YY....#
###..Yhh>F.#
#....hYhFY.##
##...YF@§F..# $
#....hSh...#
##...F....+...
#......F.#...
#PP............
#....<......P..
###.+#...#.##.
## ....##.


You could see a polar bear, a black mamba, 6 yaks, a cane toad, 5 blink frogs
and 5 wolves.

Vanquished Creatures
  4 hydras
  Erica (D:9)
  A death yak (Lair:1)
  A fire crab (Lair:6)
  2 bog bodies (Lair:2)
  2 lindwurms (Lair:6)
  10 elephants
  7 black mambas
  9 cane toads
  A torpor snail (Lair:2)
  9 komodo dragons
  2 rime drakes
  3 polar bears
  2 hornets
  12 blink frogs
  3 wyverns
  A vampire (D:5)
  30 yaks
  A steam dragon (D:8)
  Edmund (D:6)
  An acid dragon (D:7)
  11 water moccasins
  A sky beast (D:5)
  An ice beast (D:7)
  2 orc warriors
  A black bear (D:6)
  3 necrophages
  2 wolves (Lair:6)
  An ogre (D:5)
  A centaur (D:9)
  2 phantoms (D:6)
  10 bullfrogs
  A kobold brigand (D:5)
  2 wyvern zombies
  A scorpion (D:6)
  4 killer bees (D:8)
  3 wights (D:8)
  2 electric eels (Lair:4)
  4 centaur zombies
  A bullfrog zombie (D:6)
  A crimson imp (D:9)
  2 jellies (D:6)
  3 orc priests (D:5)
  Crazy Yiuf (D:2)
  A hound (D:6)
  7 orc wizards
  4 iguanas
  Robin (D:2)
  2 adders
  A white imp (D:7)
  3 adder skeletons
  3 worms
  2 dart slugs
  23 orcs
  3 endoplasms
  A giant cockroach (D:1)
  16 goblins
  14 hobgoblins
  3 jackals (D:4)
  7 kobolds
  2 quokkas
  7 ball pythons
  4 bats
  2 frilled lizards (D:1)
  3 rats (D:2)
272 creatures vanquished.

Vanquished Creatures (others)
  A bush (Lair:6)
  26 fungi
  48 plants
75 creatures vanquished.

Grand Total: 347 creatures vanquished

Notes
Turn   | Place    | Note
-------+----------+-------------------------------------------
     0 | D:1      | babuloseo the Hill Orc Fighter began the quest for the Orb.
     0 | D:1      | Reached XP level 1. HP: 19/19 MP: 1/1
     9 | D:2      | Found a stormy altar of Qazlal.
    17 | D:2      | Reached XP level 2. HP: 22/27 MP: 2/2
   183 | D:2      | Found a runed translucent door.
   184 | D:2      | Noticed Crazy Yiuf
   277 | D:2      | Identified a scroll of acquirement
   277 | D:2      | Acquired 1144 gold pieces
   403 | D:2      | Reached XP level 3. HP: 33/33 MP: 3/3
   479 | D:2      | Found Gisot's Antique Weapon Boutique.
  1111 | D:3      | Found an opulent altar of Gozag.
  1117 | D:3      | Became a worshipper of Gozag Ym Sagoz the Greedy
  1595 | D:3      | Found a faded altar of an unknown god.
  1620 | D:3      | Reached skill level 3 in Polearms
  1903 | D:4      | Reached XP level 4. HP: 19/40 MP: 4/4
  2268 | D:4      | Found an ornate altar of the Wu Jian Council.
  2307 | D:4      | Noticed a necrophage
  2328 | D:4      | Identified the +7 spear of Untimely Demise {antimagic,
                  | rCorr}
  2337 | D:4      | Killed a necrophage
  2338 | D:4      | Reached skill level 4 in Polearms
  2338 | D:4      | Reached XP level 5. HP: 36/47 MP: 1/5
  2357 | D:4      | Found a glowing silver altar of Zin.
  2429 | D:4      | Found a white marble altar of Elyvilon.
  3313 | D:3      | Bought the -2 hat of the Alchemist {rElec rPois rF+ rC+ rN+
                  | Will+ rMut rCorr} for 613 gold pieces
  3313 | D:3      | Found the -2 hat of the Alchemist {rElec rPois rF+ rC+ rN+
                  | Will+ rMut rCorr}
  3985 | D:2      | Noticed Robin
  3999 | D:2      | Reached XP level 6. HP: 42/53 MP: 2/6
  4008 | D:2      | Killed Robin
  4255 | D:2      | Killed Crazy Yiuf
  4478 | D:3      | Bought the +1 chain mail "Wuito" {rN+ Will- Regen+} for 214
                  | gold pieces
  4513 | D:5      | Entered Level 5 of the Dungeon
  4521 | D:5      | Reached skill level 5 in Fighting
  4557 | D:5      | Found a staircase to the Ecumenical Temple.
  4594 | D:5      | Reached skill level 5 in Polearms
  4687 | D:5      | Noticed a +0 hand axe
  4688 | D:5      | Noticed a +0 dagger
  4701 | D:6      | Reached XP level 7. HP: 54/61 MP: 2/7
  4720 | D:6      | Reached skill level 5 in Shields
  4811 | D:6      | Reached skill level 5 in Armour
  4928 | D:6      | Noticed a yak
  4928 | D:6      | Noticed a yak
  4929 | D:6      | Noticed a yak
  4952 | D:6      | Killed a yak
  4953 | D:6      | Reached skill level 6 in Polearms
  4953 | D:6      | Reached skill level 1 in Dodging
  4962 | D:6      | Killed a yak
  4963 | D:6      | Reached XP level 8. HP: 44/70 MP: 2/8
  4971 | D:6      | Killed a yak
  5204 | D:6      | Noticed Edmund
  5246 | D:6      | Killed Edmund
  5304 | D:6      | Reached skill level 7 in Polearms
  5670 | D:7      | Reached XP level 9. HP: 70/78 MP: 3/9
  5712 | D:7      | Acquired 740 gold pieces
  6628 | D:5      | Found a hide-covered altar of Uskayaw.
  6714 | D:3      | Bought the +0 cloak of Tenacity {rC- Dex+5} for 195 gold
                  | pieces
  6783 | D:5      | Reached skill level 8 in Polearms
  6822 | D:5      | Found a broken altar of Ashenzari.
  6877 | D:5      | Found Oped's Weapon Emporium.
  7130 | D:5      | Gained mutation: You are partially covered in iridescent
                  | scales. (AC +2) [potion of mutation]
  7130 | D:5      | Gained mutation: You have a pair of small horns on your
                  | head. [potion of mutation]
  7363 | D:5      | Found a shadowy altar of Dithmenos.
  7683 | D:8      | Reached XP level 10. HP: 77/86 MP: 7/10
  7790 | D:8      | Reached skill level 5 in Dodging
  8044 | D:8      | Reached skill level 9 in Polearms
  8068 | D:8      | Found a shimmering blue altar of Sif Muna.
  8315 | D:8      | Found a sacrificial altar of Ru.
  8574 | D:8      | Learned a level 2 spell: Blink
  8607 | D:9      | Noticed Erica
  8717 | D:9      | Found a burning altar of Makhleb.
  8717 | D:9      | Found a shimmering altar of Xom.
  8756 | D:9      | Killed Erica
  8757 | D:9      | Reached skill level 1 in Evocations
  8904 | D:10     | Entered Level 10 of the Dungeon
  8935 | D:10     | Noticed a skeletal warrior
  9018 | D:9      | Identified the +8 great sword "Xyquaj" {elec, rElec}
  9046 | D:9      | Found a staircase to the Lair.
  9094 | Lair:1   | Entered Level 1 of the Lair of Beasts
  9103 | Lair:1   | Noticed a black mamba
  9113 | Lair:1   | Killed a black mamba
  9124 | Lair:1   | Noticed a cane toad
  9168 | Lair:1   | Killed a cane toad
  9270 | Lair:1   | Noticed a cane toad
  9278 | Lair:1   | Killed a cane toad
  9300 | Lair:1   | Reached skill level 10 in Polearms
  9306 | Lair:1   | Reached XP level 11. HP: 95/95 MP: 11/11
  9351 | Lair:1   | Noticed a five-headed hydra
  9368 | Lair:1   | Killed a five-headed hydra
  9480 | Lair:1   | Lost mutation: You are partially covered in iridescent
                  | scales. (AC +2) [potion of mutation]
  9480 | Lair:1   | Lost mutation: You have a pair of small horns on your head.
                  | [potion of mutation]
  9480 | Lair:1   | Gained mutation: You evolve. [potion of mutation]
  9671 | Lair:1   | Gained mutation: Your mind is acute. (Int +2) [evolution]
  9949 | Lair:1   | Noticed a death yak
  9966 | Lair:1   | Killed a death yak
 10081 | Lair:1   | Noticed a five-headed hydra
 10092 | Lair:1   | Killed a five-headed hydra
 10093 | Lair:1   | Reached skill level 11 in Polearms
 10133 | Lair:1   | Noticed a four-headed hydra
 10156 | Lair:1   | Killed a four-headed hydra
 10419 | Lair:1   | Reached XP level 12. HP: 92/105 MP: 10/12
 10869 | Lair:2   | Bought a masterwork broad axe for 216 gold pieces
 10869 | Lair:2   | Identified the +5 broad axe "Lemanas" {antimagic, rElec
                  | Int+2 SInv} (You bought it in a shop on level 2 of the Lair
                  | of Beasts)
 11432 | Lair:3   | Reached skill level 10 in Fighting
 11454 | Lair:3   | Reached skill level 12 in Polearms
 11525 | Lair:3   | Reached skill level 5 in Evocations
 11634 | Lair:3   | Identified the ring of Yklaly {rC- EV+4 Str+4 Int+6}
 11769 | Lair:3   | Noticed a death yak
 11771 | Lair:3   | Noticed a death yak
 11771 | Lair:3   | Noticed a death yak
 11774 | Lair:3   | Noticed a death yak
 11999 | Lair:4   | Reached XP level 13. HP: 99/114 MP: 9/13
 12220 | Lair:4   | Found a runed translucent gate.
 12220 | Lair:4   | Found a runed translucent gate.
 12220 | Lair:4   | Found a runed translucent gate.
 12220 | Lair:4   | Noticed HunfridMar's ghost (journeyman DECj)
 12422 | Lair:4   | You fall into a shaft and drop 2 floors!
 12422 | Lair:6   | Entered Level 6 of the Lair of Beasts
 12725 | Lair:6   | Reached skill level 10 in Shields
 12732 | Lair:6   | Reached skill level 13 in Polearms
 12890 | Lair:5   | Slain by a polar bear

Illustrated notes

Levels and vault maps discovered:
D:1:      lemuel_arrival_river_bridge, layout_rooms
D:2:      layout_loops_cross, basic_altar, serial_shops, shop,
          minmay_goblin_kobold_house, uniq_crazy_yiuf_cottage, uniq_robin
D:3:      layout_basic, grunt_gozag_breadcrumbs,
          hellmonk_ecumenical_altar_heavens_door
D:4:      layout_loops_ring, zin_treasury, elyvilon_altar_3,
          nzn_wu_jian_contemplation, serial_co_window_serial,
          co_window_corner_a, co_window_corner_a, co_window_of_opportunity_a,
          co_window_corner_a, co_window_paths_a, co_window_corner_b,
          co_window_paths_c, co_window_2corner, co_window_paths_c,
          co_window_of_opportunity_b, co_window_of_opportunity_c,
          co_window_of_opportunity_c, glass_columns_a, glass_columns_c
D:5:      layout_gridville, dancing_weapons_uskayaw, ashenzari_altar_1,
          kennysheep_mini_moat, minmay_temple_entry_statues_fountains,
          serial_shops, nicolae_shop_trees, kennysheep_crisscross,
          minmay_circle_x
D:6:      layout_basic, kennysheep_cross_bottleneck, grunt_ministairs_3,
          uniq_edmund
D:7:      layout_loops_corners
D:8:      layout_basic, nicolae_ru_the_path_less_chosen,
          lemuel_coloured_pillars_altar
D:9:      layout_irregular_city, grunt_temple_overflow_champion_of_chaos,
          david_lair_shrubbed, orc_0_dummy, uniq_erica
D:10:     layout_loops_corners, worldfamousw_hep_ancestral_shrine,
          mainiacjoe_overflow_tiny_flanked, uniq_urug
Lair:1:   layout_chaotic_city, minmay_shattered_shrine
Lair:2:   layout_small_grid, nicolae_swamp_entry_splash_gauntlet,
          cheibrodos_lair_reptile_den
Lair:3:   layout_misc_corridors, grunt_megastairs_5, lemuel_fruit_tree,
          serial_bayou_shore_a, infiniplex_staircase_pool_2
Lair:4:   statuecave_lemuel, layout_hall_layers,
          minmay_snake_entry_guardpost_small, gammafunk_ghost_hydra_chop
Lair:5:   layout_roguey, minmay_slime_entry_oklob_enclosed,
          columned_hall_lemuel, grunt_forest_stairs_basic
Lair:6:   hangedman_lair_in_review, layout_long_grid

Skill      XL: |  1  2  3  4  5  6  7  8  9 10 11 12 13 |
---------------+----------------------------------------+-----
Fighting       | 4 5 6 7 8 9 10 | 10.7
Polearms       | 3 4 5 6 7 8 10 11 12 13 | 13.0
Armour         | 4 5 6 7 8 9 |  9.9
Shields        | 4 5 6 7 8 9 10 | 10.0
Dodging        | 1 3 4 6 7 8 9 |  9.3
Evocations     | 2 4 5 6 |  6.1

Action                   |  1- 3 |  4- 6 |  7- 9 | 10-12 | 13-15 || total
-------------------------+-------+-------+-------+-------+-------++-------
Melee: Trident           |   139 |    16 |    54 |   645 |   184 ||  1038
       Spear             |       |   131 |   315 |    22 |       ||   468
       Headbutt          |       |       |    13 |    51 |       ||    64
       Broad axe         |       |       |       |    36 |       ||    36
       Glaive            |       |       |       |       |    66 ||    66
Invok: Call Merchant     |     1 |       |     1 |     1 |       ||     3
Evoke: Wand              |       |       |     2 |     2 |       ||     4
  Use: Scroll            |     1 |       |     8 |     5 |     8 ||    22
       Potion            |       |       |     5 |     2 |     5 ||    12
 Stab: Distracted        |       |       |     1 |     1 |       ||     2
       Invisible         |       |       |       |     1 |       ||     1
Armor: Scale mail        |    42 |    32 |       |       |       ||    74
       Chain mail        |       |    28 |   109 |   205 |    78 ||   420
Dodge: Dodged            |    35 |    27 |    56 |   222 |   171 ||   511
Block: Kite shield       |    71 |    68 |   134 |   330 |    77 ||   680
